 Dungeon Crawl Stone Soup version 0.30.2 (webtiles) character file.

Game seed: 14422987668668255104

72 jwmurphy the Trooper (level 4, -5/37 HPs)
             Began as a Merfolk Fighter on Apr 5, 2024.
             Killed from afar by an orc wizard (9 damage)
             ... with a magic dart
             ... on level 4 of the Dungeon.
             The game lasted 00:06:33 (1602 turns).

jwmurphy the Trooper (Merfolk Fighter)              Turns: 1602, Time: 00:06:34

Health: -5/37      AC:  7    Str: 18    XL:     4   Next: 26%
Magic:  4/4        EV:  9    Int:  7    God:
Gold:   158        SH:  0    Dex: 13    Spells: 3/3 levels left

rFire   . . .        a - +0 long sword (vamp)
rCold   . . .        c - +0 buckler
rNeg    . . .        b - +0 scale mail
rPois   .            (no helmet)
rElec   .            (no cloak)
rCorr   .            (no gloves)
SInv    .            o - +0 pair of boots
Will    .....        (no amulet) Stlth
                     (no ring)
HPRegen 0.26/turn    (no ring)
MPRegen 0.09/turn

%: no passive effects
@: confused
A: (nimble swimmer 2), mertail
a: no special abilities


You were on level 4 of the Dungeon.
You visited 1 branch of the dungeon, and saw 3 of its levels.

You collected 158 gold pieces.

Inventory:

Hand Weapons
 a - a +0 vampiric long sword (weapon)
Missiles
 j - 12 poisoned darts (quivered)
Armour
 b - a +0 scale mail (worn)
 c - a +0 buckler (worn)
 o - a +0 pair of boots (worn)
Magical Staves
 n - a staff of poison
Scrolls
 i - a scroll of magic mapping
 k - a scroll of teleportation {unknown}
 l - a scroll of identify
 q - a scroll of amnesia {unknown}
Potions
 d - 2 potions of might
 p - 2 potions of magic


   Skills:
 + Level 4.1 Fighting
 - Level 2.4 Long Blades
 + Level 2.8 Armour
 + Level 1.1 Dodging
 + Level 3.5 Shields


You had 3 spell levels left.
You didn't know any spells.
Your spell library contained the following spells:

 Spells                   Type           Power      Damage    Failure   Level
 Cigotuvi's Dreadful Rot  Necr/Pois/Air  0%         N/A       95%         2
 Ignite Poison            Fire/Tmut/Pois 0%         N/A       99%         3
 Freezing Cloud           Conj/Ice/Air   0%         6-21      100%        5


Dungeon Overview and Level Annotations

Branches:
Dungeon (4/15)
 Temple: D:4-7

Altars:
Gozag
Sif Muna


Innate Abilities, Weirdness & Mutations

((You are very nimble when in or above water. (Stealth+, EV+, Speed+++)))
Your lower body shifts to a powerful aquatic tail in water.


Message History

Something tries to affect you, but you resist.
The orc wizard gestures at you while chanting.
You resist with some effort.
You hit the orc wizard.
The orc wizard is moderately wounded.
You feel less wooden.
Your +0 pair of boots unmelds from your body.
Your +0 scale mail unmelds from your body.
An orc wizard appears from thin air!
Reactivating autopickup.
The orc wizard barely misses you. Something hits you.
Deactivating autopickup; reactivate with Ctrl-A.
The orc wizard casts a spell.
The orc wizard flickers and vanishes!
Something hits you but does no damage.
Okay, then.
You are too confused!
Unknown command.
You're too confused to attack without stumbling around!
You're too confused to attack without stumbling around!
The orc wizard hits you but does no damage.
Something hits you but does no damage. Something hits you.
Something hits you but does no damage. The orc wizard completely misses you.
Something hits you but does no damage.
You hear some strange, mumbled words.
Something tries to affect you, but you resist.
You hear some strange, mumbled words.
A magic dart appears from out of thin air!
The magic dart hits you!
* * * LOW HITPOINT WARNING * * *
You feel less attractive to monsters.
Okay, then.
Unknown command.
You are too confused!
You are too confused!
The orc wizard hits you with a +0 dagger.
* * * LOW HITPOINT WARNING * * *
You hear some strange, mumbled words.
A magic dart appears from out of thin air!
The magic dart hits you!
You die...

,,*,,*****,.............,,*
,,,,,,,,,*,,............,,*
,,,,...,,*,,,...{.......,,*
*,,,...,,*,,,,..<.......,,*
,,..,...,*,,,,,.......,,,,*
**..###..*,,,,,,....,,,,,,*
,,*..##..########o#,,,,,,,*
,,,.............{{#,,,,,,,*
####..........)o@{#,,,,,,,*
#....##+###..####.#,,,,,,,*
#....#..###'#######**,*****
####.'..........# *,*
.....#..........# *,**
.#...#..........# *,,**
##'###########+## *,,,*
.............#,,* **,,*
...........#'#,,* *,**


You could see an orc wizard and an orc.

Vanquished Creatures
  2 adders
  3 dart slugs (D:4)
  5 ball pythons
  3 endoplasms
  2 giant cockroaches (D:1)
  3 hobgoblins
  2 jackals (D:1)
  7 kobolds
  A quokka (D:1)
  7 bats
  2 frilled lizards
  5 goblins
  3 rats (D:1)
45 creatures vanquished.

Notes
Turn   | Place    | Note
-------+----------+-------------------------------------------
     0 | D:1      | jwmurphy the Merfolk Fighter began the quest for the Orb.
     0 | D:1      | Reached XP level 1. HP: 18/18 MP: 1/1
   255 | D:1      | Reached XP level 2. HP: 22/24 MP: 2/2
   327 | D:1      | Found a faded altar of an unknown god.
   565 | D:1      | Reached XP level 3. HP: 29/29 MP: 3/3
  1120 | D:2      | Reached skill level 4 in Fighting
  1152 | D:2      | You fall into a shaft and drop 2 floors!
  1250 | D:4      | Found an opulent altar of Gozag.
  1288 | D:4      | Reached skill level 1 in Dodging
  1288 | D:4      | Reached XP level 4. HP: 25/37 MP: 4/4
  1500 | D:4      | Found a shimmering blue altar of Sif Muna.
  1602 | D:4      | Killed from afar by an orc wizard

Illustrated notes

Levels and vault maps discovered:
D:1:      evilmike_arrival_rings, layout_loops_ring,
          ebering_ecumenical_altar_sacrificial, item_on_display_a
D:2:      layout_basic
D:4:      layout_gridville, fedhas_altar_4, kennysheep_mini,
          amcnicky_altar_gilded, serial_park_tiny_pond,
          hangedman_abyss_or_decor_stagger, minmay_between

Skill      XL: |  1  2  3 |
---------------+----------+-----
Fighting       | 4 |  4.1
Dodging        | 1 |  1.1
Long Blades    | |  2.4
Armour         | |  2.8
Shields        | |  3.5

Action                     |  1- 3 |  4- 6 || total
---------------------------+-------+-------++-------
  Melee: Long sword        |    91 |    48 ||   139
  Throw: Dart              |     2 |       ||     2
    Use: Potion            |       |     5 ||     5
         Scroll            |       |     4 ||     4
 Armour: Scale mail        |    49 |    40 ||    89
         Skin              |       |    74 ||    74
  Dodge: Dodged            |    45 |    14 ||    59
  Block: Buckler           |    15 |    12 ||    27
